 Dungeon Crawl Stone Soup version 0.21.1 (webtiles) character file.

235 deszczowiec the Conjurer (level 5, 0/45 HPs)
             Began as a Draconian Conjurer on Feb 4, 2018.
             Was an Initiate of Okawaru.
             Killed by nerve-wracking pain
             ... invoked by an orc priest
              (12 damage)
             ... on level 4 of the Dungeon.
             The game lasted 00:17:44 (2757 turns).

deszczowiec the Conjurer (Draconian Conjurer)       Turns: 2757, Time: 00:17:46

Health: 0/45       AC:  5    Str: 10    XL:     5   Next: 76%
Magic:  1/9        EV: 12    Int: 17    God:    Okawaru [......]
Gold:   82         SH:  0    Dex: 11    Spells: 3/10 levels left

rFire    . . .     SeeInvis .   a - +1 whip
rCold    . . .     Gourm    .   (no shield)
rNeg     . . .     Faith    .   (armour unavailable)
rPois    .         Spirit   .   (helmet restricted)
rElec    .         Reflect  .   n - scarf {repulsion}
rCorr    .         Harm     .   (no gloves)
MR       .....                  (no boots)
Stlth    ++........             (no amulet)
HPRegen  0.15/turn              j - ring of wizardry
MPRegen  0.11/turn              (no ring)

@: repel missiles
A: unfitting armour, cold-blooded, AC +5
a: Renounce Religion


You were on level 4 of the Dungeon.
You worshipped Okawaru.
Okawaru was noncommittal.
You were not hungry.

You visited 1 branch of the dungeon, and saw 4 of its levels.

You collected 82 gold pieces.

Inventory:

Hand Weapons
 a - a +1 whip (weapon)
 m - a +0 trident of protection
Missiles
 l - 7 tomahawks (quivered)
Armour
 n - a scarf of repulsion (worn)
Jewellery
 j - a ring of wizardry (left hand)
Scrolls
 f - a scroll of remove curse
Potions
 c - a potion of brilliance
 e - a potion of flight {unknown}
 g - 2 potions of heal wounds {unknown}
 h - 2 potions of invisibility {unknown}
 i - 2 potions of degeneration {unknown}
 k - a potion of haste {unknown}
 o - 2 potions of cancellation {unknown}
 p - 2 potions of might {unknown}
Books
 d - a book of Conjurations

   Spells                             Type                      Level
   a - Magic Dart                     Conjuration                  1
   b - Searing Ray                    Conjuration                  2
   c - Dazzling Spray                 Conjuration/Hexes            3
   d - Fulminant Prism                Conjuration/Hexes            4
   e - Force Lance                    Conjuration/Translocation    4
   f - Iskenderun's Mystic Blast      Conjuration                  4
Comestibles
 b - 7 rations


   Skills:
 + Level 3.0 Fighting
 + Level 2.4 Maces & Flails
 - Level 1.7 Dodging
 - Level 1.7 Stealth
 + Level 3.2 Spellcasting
 + Level 4.9 Conjurations


You had 3 spell levels left.
You knew the following spells:

 Your Spells              Type           Power        Failure   Level  Hunger
a - Magic Dart            Conj           ###.         1%          1    None
b - Searing Ray           Conj           ###...       1%          2    ##.....
c - Iskenderun's Mystic   Conj           ###.....     9%          4    ####...


Dungeon Overview and Level Annotations

Branches:
Dungeon (4/15)
 Temple: D:4-7

Altars:
Cheibriados
Okawaru
Qazlal
The Shining One

Annotations:
D:4 Pawles22's ghost, novice BaBe; Robin


Innate Abilities, Weirdness & Mutations

Your plain brown scales are hard. (AC +5)
You cannot fit into any form of body armour.
You are cold-blooded and may be slowed by cold attacks.


Message History

Aiming: Searing Ray
Press: ? - help, Shift-Dir - straight line, f/p - orc priest
Aim: an orc priest, wearing a scale mail (heavily wounded)
The searing ray hits the orc priest.
The orc priest is severely wounded. (Press . to maintain the ray.)
The orc priest hits you.
The searing ray hits the orc priest.
You kill the orc priest!
Okawaru accepts your kill.
Your Fighting skill increases to level 3!
The searing ray hits the goblin.
You kill the goblin!
Okawaru accepts your kill.
The orc priest mumbles some strange prayers to Beogh against you.
Beogh smites you!
* * * LOW HITPOINT WARNING * * *
The orc priest calls down the wrath of Beogh upon you.
Pain shoots through your body!
You die...

.. #..........#
g##.###<..#..##
.#.###...#...#
g.....#####.#
#)###...#...#
#o# ###.#.###
##.## #...#
#.#<..#####.##
#.....@.....#
###...#######
......##
#######


You could see an orc priest.

Vanquished Creatures
  An orc wizard (D:3)
  An orc priest (D:4)
  10 adders
  An ooze (D:1)
  2 worms (D:2)
  A dart slug (D:2)
  2 leopard geckos (D:2)
  4 orcs
  3 giant cockroaches
  14 goblins
  10 hobgoblins
  A quokka (D:3)
  3 bats (D:2)
  6 frilled lizards
  4 kobolds
  11 rats
74 creatures vanquished.

Notes
Turn   | Place    | Note
-------+----------+-------------------------------------------
     0 | D:1      | deszczowiec the Draconian Conjurer began the quest for the Orb.
     0 | D:1      | Reached XP level 1. HP: 14/14 MP: 3/3
   365 | D:1      | Reached XP level 2. HP: 22/22 MP: 3/5
   369 | D:1      | Learned a level 2 spell: Searing Ray
   495 | D:1      | Reached skill level 1 in Fighting
   850 | D:2      | Found a stormy altar of Qazlal.
   891 | D:2      | Found a glowing golden altar of the Shining One.
   951 | D:2      | Reached XP level 3. HP: 25/28 MP: 0/6
   965 | D:2      | Reached skill level 1 in Maces & Flails
  1188 | D:2      | Reached XP level 4. HP: 25/36 MP: 4/7
  1274 | D:2      | Found an iron altar of Okawaru.
  1293 | D:2      | Became a worshipper of Warmaster Okawaru
  1752 | D:3      | Found a snail-covered altar of Cheibriados.
  1950 | D:3      | Reached XP level 5. HP: 42/42 MP: 1/9
  2049 | D:3      | Learned a level 4 spell: Iskenderun's Mystic Blast
  2549 | D:4      | Noticed Pawles22's ghost (novice BaBe)
  2696 | D:4      | Noticed Robin
  2757 | D:4      | Killed from afar by an orc priest

Skill      XL: |  1  2  3  4  5 |
---------------+----------------+-----
Fighting       | 1 2 3 |  3.0
Maces & Flails | 1 2 |  2.4
Spellcasting   | 3 |  3.2
Dodging        | |  1.7
Stealth        | |  1.7
Conjurations   | |  4.9

Action                   |  1- 3 |  4- 6 || total
-------------------------+-------+-------++-------
Melee: Unarmed           |    12 |       ||    12
       Club              |     6 |       ||     6
       Tailslap          |     6 |     7 ||    13
       Whip              |    38 |    81 ||   119
Throw: Tomahawk          |       |     1 ||     1
 Cast: Magic Dart        |    41 |    33 ||    74
       Searing Ray       |       |     9 ||     9
  Use: Scroll            |     3 |     4 ||     7
 Stab: Sleeping          |     2 |     2 ||     4
  Eat: Chunk             |     1 |     1 ||     2
       Ration            |       |     2 ||     2
Armor: Skin              |    14 |    30 ||    44
Dodge: Dodged            |    30 |    54 ||    84
